 Dungeon Crawl Stone Soup version 0.28-a0-563-gf77a47075d (webtiles) character file.

Game seed: 18002107115814395645

362 dolemite99 the Chopper (level 6, -1/70 HPs)
             Began as a Demonspawn Fighter on Sept 30, 2021.
             Succumbed to a scorpion's poison
             ... on level 4 of the Dungeon.
             The game lasted 00:04:11 (4825 turns).

dolemite99 the Chopper (Demonspawn Fighter)         Turns: 4825, Time: 00:04:12

Health: -1/70      AC: 23    Str: 18    XL:     6   Next: 39%
Magic:  6/6        EV:  2    Int:  9    God:
Gold:   141        SH:  4    Dex: 13    Spells: 5/5 levels left

rFire   . . .      SeeInvis .   a - +0 war axe
rCold   . . .      Faith    .   c - +0 buckler
rNeg    + + +      Spirit   .   (armour currently unavailable)
rPois   +          Reflect  .   (helmet currently unavailable)
rElec   .          Harm     .   (cloak currently unavailable)
rCorr   .          Rampage  .   (gloves currently unavailable)
Will    .....      NoTele   +   (boots currently unavailable)
Stlth   +.........              (no amulet)
HPRegen 0.21/turn               (no ring)
MPRegen 0.10/turn               (no ring)

@: brilliant, lethally poisoned (-1 -> -12), tree-form
A: stationary, stasis, torment immunity, boosted hp, powered by death 1
a: no special abilities


You were on level 4 of the Dungeon.
You were a tree.
You visited 1 branch of the dungeon, and saw 4 of its levels.

You collected 141 gold pieces.

Inventory:

Hand Weapons
 a - a +0 war axe (weapon)
 b - a +2 vorpal flail
Missiles
 d - a curare-tipped dart (quivered)
 g - 18 bolts
 l - 30 stones
Armour
 c - a +0 buckler (worn)
 e - a +1 helmet (melded)
 n - a +0 plate armour (melded)
 p - a scarf of invisibility (melded)
 s - a scarf of shadows
Magical Staves
 j - a staff of earth
Jewellery
 r - a ring of fire
Scrolls
 f - 2 scrolls of silence
 o - 2 scrolls of teleportation {unknown}
 q - 2 scrolls of enchant armour
Potions
 k - a potion of ambrosia {unknown}
 m - a potion of attraction {unknown}


   Skills:
 - Level 3.0 Fighting
 + Level 6.3 Axes
 - Level 2.6 Armour
 - Level 2.6 Shields


You had 5 spell levels left.
You didn't know any spells.
Your spell library contained the following spells:

 Spells                   Type           Power      Damage    Failure   Level
 Freeze                   Ice            0%         1d3       43%         1
 Passwall                 Tmut/Erth      0%         N/A       58%         2
 Dazzling Flash           Conj/Hex       0%         N/A       82%         3
 Frozen Ramparts          Ice            0%         1d2       82%         3
 Gell's Gravitas          Tloc           0%         N/A       82%         3
 Lesser Beckoning         Tloc           0%         N/A       82%         3
 Swiftness                Air            0%         N/A       82%         3
 Teleport Other           Tloc           0%         N/A       82%         3
 Hailstorm                Conj/Ice       0%         3d3       99%         4
 Iskenderun's Mystic Bla  Conj/Tloc      0%         2d3       99%         4
 Invisibility             Hex            0%         N/A       100%        6
 Starburst                Conj/Fire      0%         6d3       100%        6


Dungeon Overview and Level Annotations

Branches:
Dungeon (4/15)
 Temple: D:4-7

Altars:


Innate Abilities, Weirdness & Mutations

You are a tree.
Your roots penetrate the ground, keeping you stationary.
You cannot be teleported.
You are immune to unholy pain and torment.
Your maximum health is greatly increased.
Your equipment is partially melded.
You regenerate a little health from kills.


Message History

The scorpion stings you but does no damage.
You hit the scorpion but do no damage.
You feel very sick.
The scorpion stings you but does no damage.
You closely miss the scorpion.
You feel very sick. The scorpion stings you.
You are more poisoned.
The scorpion poisons you!
You barely miss the scorpion.
You feel very sick. You block the scorpion's attack.
The scorpion stings you but does no damage.
You barely miss the scorpion.
You feel very sick. The scorpion stings you.
You hit the scorpion but do no damage.
You feel very sick. The scorpion stings you.
* * * LOW HITPOINT WARNING * * *
You are lethally poisoned!
The scorpion poisons you! The scorpion closely misses you.
You slash the scorpion!
The scorpion is heavily wounded.
* * * LOW HITPOINT WARNING * * *
You feel very sick.
The scorpion stings you but does no damage.
It was a potion of lignification.
You turn into a tree.
Your scarf of invisibility melds into your body.
Your +1 helmet melds into your body.
Your +0 plate armour melds into your body.
Your roots penetrate the ground.
* * * LOW HITPOINT WARNING * * *
You feel very sick. The scorpion stings you.
* * * LOW HITPOINT WARNING * * *
The scorpion stings you but does no damage.
It was a potion of brilliance.
You feel clever all of a sudden.
You die...

.....#.# #.....#.# .
.....#.# #.....#.#
..#....# #.......#
######## #....#..#+##
##....#.....#
...........####
......#.......#
...#######.##.#.....#
.......♣sw...........
.!.#######.###..##...
#.# ..# ... #.# ..w.
.. #+# #.... >....
.....


You could see a worm and a scorpion.

Vanquished Creatures
  A kobold brigand (D:3)
  A scorpion (D:4)
  A hound (D:4)
  2 orc wizards
  A killer bee zombie (D:4)
  4 gnolls
  5 worms
  9 orcs
  4 ball pythons
  9 endoplasms
  2 giant cockroaches (D:2)
  6 goblins
  6 hobgoblins
  A quokka (D:1)
  8 bats
  4 frilled lizards
  3 kobolds
  8 rats
75 creatures vanquished.

Vanquished Creatures (others)
  5 plants (D:4)
5 creatures vanquished.

Grand Total: 80 creatures vanquished

Notes
Turn   | Place    | Note
-------+----------+-------------------------------------------
     0 | D:1      | dolemite99 the Demonspawn Fighter began the quest for the
                  | Orb.
     0 | D:1      | Reached XP level 1. HP: 18/18 MP: 1/1
    55 | D:1      | Reached skill level 2 in Axes
   301 | D:1      | Gained mutation: You regenerate a little health from kills.
                  | [demonic ancestry]
   301 | D:1      | Reached XP level 2. HP: 24/24 MP: 2/2
   376 | D:1      | Found a faded altar of an unknown god.
  1108 | D:2      | Reached skill level 3 in Axes
  1129 | D:1      | Reached XP level 3. HP: 24/29 MP: 3/3
  1668 | D:2      | Reached XP level 4. HP: 35/35 MP: 4/4
  1684 | D:2      | Reached skill level 4 in Axes
  3256 | D:3      | Reached XP level 5. HP: 41/41 MP: 5/5
  3298 | D:3      | Reached skill level 5 in Axes
  4103 | D:4      | Reached XP level 6. HP: 34/47 MP: 6/6
  4574 | D:4      | Reached skill level 6 in Axes
  4578 | D:4      | Noticed a steam dragon
  4824 | D:4      | HP: 1/70 [scorpion (4)]
  4825 | D:4      | Succumbed to a scorpion's poison

Illustrated notes

Levels and vault maps discovered:
D:1:      dpeg_arrival_connections, layout_basic, basic_ecumenical_altar,
          hangedman_abyss_or_decor_stabs, minmay_pentomino_q4
D:2:      layout_rooms
D:3:      layout_rooms
D:4:      layout_basic, minmay_temple_entry_gardened_gates

Skill      XL: |  1  2  3  4  5  6 |
---------------+-------------------+-----
Axes           | 2 3 4 5 6 |  6.3
Fighting       | |  3.0
Armour         | |  2.6
Shields        | |  2.6

Action                   |  1- 3 |  4- 6 || total
-------------------------+-------+-------++-------
Melee: War axe           |    79 |   180 ||   259
Throw: Stone             |       |     3 ||     3
       Dart              |       |     1 ||     1
  Use: Scroll            |       |     4 ||     4
       Potion            |       |     3 ||     3
Armor: Scale mail        |    35 |     5 ||    40
       Plate armour      |       |   106 ||   106
       Skin              |       |     1 ||     1
Dodge: Dodged            |    36 |    60 ||    96
Block: Buckler           |    19 |    41 ||    60

Table legend: (Time is in decaauts)
 A = Elapsed time spent in this place.
 B = Non-inter-level travel time spent in this place.
 C = Inter-level travel time spent in this place.
 D = Time resting spent in this place.
 E = Time spent auto-exploring this place.
 F = Levels seen in this place.
 G = Mean time per level.
                   A        B        C        D        E       F      G
               +--------+--------+--------+--------+--------+-----+--------+
         Total |   4914 |   4892 |     22 |   2170 |   1830 |   4 | 1228.5 |
       Dungeon |   4914 |   4892 |     22 |   2170 |   1830 |   4 | 1228.5 |
               +--------+--------+--------+--------+--------+-----+--------+

Top non-repeatable levels by time:
     D:3: 1842 daAuts
     D:1: 1543 daAuts
     D:4: 827 daAuts
     D:2: 700 daAuts
